 Dungeon Crawl Stone Soup version 0.31-a0-544-gceb718ecc6 (webtiles) character file.

Game seed: 9103949005960702773

10385 cforsyth the Prestidigitator (level 11, -8/75 HPs)
             Began as a Gnoll Artificer on Aug 15, 2023.
             Was a Follower of Hepliaklqana.
             Mangled by a sixfirhy (11 damage)
             ... summoned by a kobold demonologist
             ... on level 10 of the Dungeon.
             The game lasted 00:24:36 (15644 turns).

cforsyth the Prestidigitator (Gnoll Artificer)     Turns: 15644, Time: 00:24:37

Health: -8/75      AC: 15    Str: 14      XL:     11   Next: 61%
Magic:  20/20      EV:  9    Int: 13 (15) God:    Hepliaklqana [*.....]
Gold:   333        SH:  0    Dex: 10      Spells: 23/23 levels left

rFire   . . .        A - +8 rapier "Grim Tooth" {drain, Str+2 Dex-2 Stlth+}
rCold   . . .        (no shield)
rNeg    . . .        v - +0 chain mail
rPois   .            G - +0 helmet
rElec   .            (no cloak)
rCorr   .            H - +0 pair of gloves
SInv    .            l - +0 pair of boots
Will    .....        (no amulet)
Stlth   ++           N - ring of wizardry
HPRegen 0.32/turn    (no ring)
MPRegen 0.17/turn

%: wizardry (x1)
@: lethally poisoned (-8 -> -14)
A: reduced essence, fangs 1, strong nose, distributed training
a: Renounce Religion, Recall Ancestor, Ancestor Identity


You were on level 10 of the Dungeon.
You worshipped Hepliaklqana.
Hepliaklqana was aware of your devotion.
You visited 2 branches of the dungeon, and saw 11 of its levels.

You collected 585 gold pieces.
You spent 252 gold pieces at shops.

Inventory:

Hand Weapons
 a - a +0 club
 o - a +1 dagger of speed
 r - a +6 club
 A - the +8 rapier "Grim Tooth" (weapon) {drain, Str+2 Dex-2 Stlth+}
   (You bought it in a shop on level 3 of the Dungeon)

   Str+2:     It affects your strength (+2).
   Dex-2:     It affects your dexterity (-2).
   Stlth+:    It makes you more stealthy.
Armour
 b - a +0 leather armour
 l - a +0 pair of boots (worn)
 v - a +0 chain mail (worn)
 G - a +0 helmet (worn)
 H - a +0 pair of gloves (worn)
Jewellery
 N - a ring of wizardry (left hand)
Wands
 d - a wand of charming (10)
 y - a wand of roots (1)
 J - a wand of mindburst (2)
 L - a wand of flame (3)
Scrolls
 k - a scroll of vulnerability {unknown}
 p - a scroll of amnesia
 q - a scroll of enchant weapon
 s - a scroll of revelation
 t - a scroll of silence
 x - a scroll of teleportation
 z - 2 scrolls of fear
 C - a scroll of immolation {unknown}
 D - a scroll of blinking {unknown}
 I - a scroll of fog {unknown}
 M - a scroll of brand weapon {unknown}
Potions
 c - a potion of invisibility {unknown}
 f - 2 potions of lignification
 g - 3 potions of ambrosia {unknown}
 h - a potion of brilliance {unknown}
 i - a potion of heal wounds
 j - 2 potions of degeneration {unknown}
 m - a potion of curing {unknown}
 n - a potion of resistance
 u - 3 potions of mutation
 B - a potion of might
 E - 2 potions of enlightenment
 F - 3 potions of attraction
 K - 2 potions of haste {unknown}


   Skills:
 + Level 7.1 Fighting
 + Level 6.6 Short Blades
 + Level 6.6 Long Blades
 + Level 6.6 Axes
 + Level 6.6 Maces & Flails
 + Level 6.6 Polearms
 + Level 6.6 Staves
 + Level 6.6 Ranged Weapons
 + Level 6.6 Throwing
 + Level 8.1 Armour
 + Level 7.1 Dodging
 + Level 7.0 Stealth
 + Level 6.6 Shields
 + Level 6.6 Unarmed Combat
 + Level 6.6 Spellcasting
 + Level 5.4 Conjurations
 + Level 5.4 Hexes
 + Level 5.4 Summonings
 + Level 5.4 Necromancy
 + Level 5.4 Translocations
 + Level 5.4 Transmutations
 + Level 5.4 Fire Magic
 + Level 5.4 Ice Magic
 + Level 5.4 Air Magic
 + Level 5.4 Earth Magic
 + Level 5.4 Poison Magic
 + Level 7.2 Invocations
 + Level 9.4 Evocations
 + Level 5.4 Shapeshifting


You had 23 spell levels left.
You didn't know any spells.
Your spell library contained the following spells:

 Spells                   Type           Power      Damage    Failure   Level
 Kiss of Death            Conj/Necr      72%        2d10      8%          1
 Magic Dart               Conj           72%        1d6       8%          1
 Sandblast                Erth           36%        2d10      8%          1
 Passwall                 Tmut/Erth      15%        N/A       12%         2
 Searing Ray              Conj           36%        2d5       12%         2
 Confusing Touch          Hex            18%        N/A       22%         3
 Stone Arrow              Conj/Erth      36%        3d9       22%         3
 Dispel Undead            Necr           18%        3d11      56%         4
 Fulminant Prism          Conj/Hex       9%         3d7       56%         4


Dungeon Overview and Level Annotations

Branches:
Dungeon (10/15)            Temple (1/1) D:5
   Lair: D:8-11         Orc: D:9-12

Altars:
Ashenzari
Cheibriados
Dithmenos
Elyvilon
Fedhas
Gozag
Hepliaklqana
Kikubaaqudgha
Makhleb
Nemelex Xobeh
Okawaru
Qazlal
Ru
Sif Muna
Trog
Uskayaw
Vehumet
Wu Jian
Xom
Yredelemnul
Zin
The Shining One

Shops:
D:3 *

Annotations:
D:4 2 transporters, javelincjr's ghost, amateur DsFi
D:7 3 runed translucent doors, innerfire43's ghost, novice GnSh
D:9 2 transporters, ojifijod's ghost, novice FeSh


Innate Abilities, Weirdness & Mutations

Your life essence is reduced to manifest your ancestor. (-10% HP)
You have very sharp teeth.
Your uncanny sense of smell can sniff out nearby items.
Your experience applies equally to all skills.


Message History

You feel very sick.
Mira hits the smoke demon.
You miss the kobold demonologist.
You feel very sick. The smoke demon gestures at you.
The ball of steam hits Mira!
Mira resists.
The ball of steam hits you.
Mira closely misses the smoke demon.
The kobold demonologist mumbles some strange words.
You puncture the kobold demonologist!
You bite the kobold demonologist, but do no damage.
The kobold demonologist is moderately wounded.
You are engulfed in a cloud of scalding steam.
You feel very sick.
The smoke demon hits Mira.
The smoke demon barely misses Mira.
The smoke demon misses Mira.
Mira hits the smoke demon.
The kobold demonologist is engulfed in a cloud of scalding steam.
The kobold demonologist hits you but does no damage.
The kobold demonologist mumbles some strange words.
You barely miss the kobold demonologist.
The kobold demonologist is moderately wounded.
You are engulfed in a cloud of scalding steam.
You feel sick.
The sixfirhy is engulfed in a cloud of scalding steam.
The sixfirhy hits you. The sixfirhy shocks you!
The sixfirhy is engulfed in a cloud of scalding steam.
The sixfirhy hits you but does no damage.
The smoke demon hits Mira.
The smoke demon hits Mira but does no damage.
The smoke demon misses Mira.
Mira closely misses the smoke demon.
You are engulfed in a cloud of scalding steam.
You feel very sick.
The sixfirhy is engulfed in a cloud of scalding steam.
The sixfirhy hits you. The sixfirhy shocks you!
* * * LOW HITPOINT WARNING * * *
The sixfirhy is engulfed in a cloud of scalding steam.
The sixfirhy hits you!
* * * LOW HITPOINT WARNING * * *
The sixfirhy shocks you!
You die...

#.....)...#.##.#.....#########
#..................#......####
#..............#.#.#..........
#............##.....[.........
#............##..#.#...#....#
#............##..#.#........#
##.##........##.3#.#.#.########
...............3R§........>...#
##.##....K5K...K@#.#...##..##.#
#.##.##..##.#####.....#<...#.#
##R.................#..##...#.#
...........#....###.#.......#.#
..[.##.#...####.###.#.###..##.#
..#).#.#...####.#.......#..##.#
..##...#........#.#.#.#.#..##.#
..###..#..........#...........#
..# ##.#..........#.....#..####


You could see the friendly Mira the ancestor, 2 kobold demonologists, a sixfirhy
(summoned), a smoke demon (summoned, ally target), a crimson imp (summoned) and
a kobold.

Vanquished Creatures
  Erolcha (D:9)
  3 two-headed ogres
  Joseph (D:8)
  Maggie (D:10)
  A kobold demonologist (D:10)
  A troll (D:10)
  Prince Ribbit (D:9)
  2 wraiths
  14 yaks
  4 steam dragons
  An acid dragon (D:10)
  An ice beast (D:6)
  2 orc warriors
  A black bear (D:4)
  An ogre (D:4)
  2 centaurs (D:9)
  2 phantoms
  4 bullfrogs
  5 scorpions
  7 wights
  21 killer bees
  3 electric eels (D:9)
  3 howler monkeys
  A jelly (D:6)
  4 hounds
  4 orc priests
  A gnoll bouda (D:5)
  Jessica (D:3)
  5 iguanas
  A sleepcap (D:8)
  5 orc wizards
  9 gnolls
  5 adders
  2 shadow imps
  A white imp (D:7)
  An ufetubus (D:6)
  2 worms
  2 dart slugs
  17 orcs
  2 bats
  6 endoplasms
  A giant cockroach (D:3)
  7 goblins
  6 hobgoblins
  5 jackals
  6 kobolds
  5 quokkas
  3 ball pythons
  2 frilled lizards
  A goblin skeleton (D:6)
  A goblin zombie (D:6)
  A hobgoblin zombie (D:6)
  2 orc skeletons (D:6)
  4 orc zombies (D:6)
  9 rats
204 creatures vanquished.

Vanquished Creatures (collateral kills)
  A yak (D:9)
  2 killer bees
  A gnoll (D:5)
  A shadow imp (D:8)
5 creatures vanquished.

Vanquished Creatures (others)
  A killer bee (D:9)
  3 ancestors
4 creatures vanquished.

Grand Total: 213 creatures vanquished

Notes
Turn   | Place    | Note
-------+----------+-------------------------------------------
     0 | D:1      | cforsyth the Gnoll Artificer began the quest for the Orb.
     0 | D:1      | Reached XP level 1. HP: 17/17 MP: 1/1
   194 | D:1      | Reached XP level 2. HP: 23/23 MP: 2/2
   658 | D:1      | Reached XP level 3. HP: 3/28 MP: 3/3
  1234 | D:2      | Reached skill level 1 in Invocations
  1624 | D:3      | Reached skill level 1 in Short Blades
  1624 | D:3      | Reached skill level 1 in Long Blades
  1624 | D:3      | Reached skill level 1 in Axes
  1624 | D:3      | Reached skill level 1 in Maces & Flails
  1624 | D:3      | Reached skill level 1 in Polearms
  1624 | D:3      | Reached skill level 1 in Staves
  1624 | D:3      | Reached skill level 1 in Ranged Weapons
  1624 | D:3      | Reached skill level 1 in Throwing
  1624 | D:3      | Reached skill level 1 in Shields
  1624 | D:3      | Reached skill level 1 in Unarmed Combat
  1624 | D:3      | Reached skill level 1 in Spellcasting
  1713 | D:3      | Reached XP level 4. HP: 34/34 MP: 5/5
  1821 | D:3      | Noticed Jessica
  1823 | D:3      | Killed Jessica
  1824 | D:3      | Reached skill level 1 in Conjurations
  1824 | D:3      | Reached skill level 1 in Hexes
  1824 | D:3      | Reached skill level 1 in Summonings
  1824 | D:3      | Reached skill level 1 in Necromancy
  1824 | D:3      | Reached skill level 1 in Translocations
  1824 | D:3      | Reached skill level 1 in Transmutations
  1824 | D:3      | Reached skill level 1 in Fire Magic
  1824 | D:3      | Reached skill level 1 in Ice Magic
  1824 | D:3      | Reached skill level 1 in Air Magic
  1824 | D:3      | Reached skill level 1 in Earth Magic
  1824 | D:3      | Reached skill level 1 in Poison Magic
  1824 | D:3      | Reached skill level 1 in Shapeshifting
  1961 | D:3      | Noticed a bullfrog
  1967 | D:3      | Killed a bullfrog
  1968 | D:3      | Reached XP level 5. HP: 31/41 MP: 5/7
  2218 | D:3      | Found Fumorgho's Assorted Antiques.
  2889 | D:4      | Found a transporter.
  2953 | D:4      | Noticed javelincjr's ghost (amateur DsFi)
  3138 | D:4      | Reached XP level 6. HP: 12/47 MP: 8/8
  3319 | D:4      | Reached skill level 5 in Armour
  3477 | D:4      | Noticed a black bear
  3776 | D:4      | Found a transporter.
  4101 | D:4      | Killed a black bear
  4102 | D:4      | Reached skill level 7 in Evocations
  4102 | D:4      | Reached XP level 7. HP: 14/52 MP: 10/10
  4353 | D:5      | Entered Level 5 of the Dungeon
  5269 | D:5      | Reached XP level 8. HP: 29/60 MP: 12/12
  5407 | D:5      | Found a staircase to the Ecumenical Temple.
  5421 | Temple   | Entered the Ecumenical Temple
  6221 | D:6      | Found a glowing golden altar of the Shining One.
  6756 | D:6      | You fall into a shaft and drop 1 floor!
  6814 | D:6      | Found a hide-covered altar of Uskayaw.
  6817 | D:6      | Found a shadowy altar of Dithmenos.
  6817 | D:6      | Found an iron altar of Okawaru.
  7647 | D:7      | Found a runed translucent gate.
  7824 | D:7      | Found a runed translucent gate.
  7824 | D:7      | Found a runed translucent gate.
  8119 | D:3      | Bought a polished rapier for 252 gold pieces
  8119 | D:3      | Identified the +8 rapier "Grim Tooth" {drain, Str+2 Dex-2
                  | Stlth+} (You bought it in a shop on level 3 of the Dungeon)
  8230 | D:7      | Reached XP level 9. HP: 43/66 MP: 14/14
  8903 | D:7      | Reached skill level 5 in Fighting
  8903 | D:7      | Reached skill level 5 in Dodging
  9226 | D:7      | Noticed innerfire43's ghost (novice GnSh)
  9612 | D:7      | Reached skill level 5 in Stealth
  9848 | D:8      | Noticed Joseph
  9853 | D:8      | Reached skill level 8 in Evocations
  9869 | D:8      | Killed Joseph
  9870 | D:8      | Reached skill level 5 in Invocations
 10529 | D:8      | Reached XP level 10. HP: 69/75 MP: 17/17
 10731 | D:7      | Reached skill level 5 in Short Blades
 10731 | D:7      | Reached skill level 5 in Long Blades
 10731 | D:7      | Reached skill level 5 in Axes
 10731 | D:7      | Reached skill level 5 in Maces & Flails
 10731 | D:7      | Reached skill level 5 in Polearms
 10731 | D:7      | Reached skill level 5 in Staves
 10731 | D:7      | Reached skill level 5 in Ranged Weapons
 10731 | D:7      | Reached skill level 5 in Throwing
 10731 | D:7      | Reached skill level 5 in Shields
 10731 | D:7      | Reached skill level 5 in Unarmed Combat
 10731 | D:7      | Reached skill level 5 in Spellcasting
 11023 | D:8      | Found a hazy altar of Hepliaklqana.
 11023 | D:8      | Found a blossoming altar of Fedhas.
 11023 | D:8      | Found a stormy altar of Qazlal.
 11030 | D:8      | Became a worshipper of Hepliaklqana the Forgotten
 11883 | D:9      | Noticed Erolcha
 11886 | D:9      | Killed Erolcha
 11969 | D:9      | Found a transporter.
 12196 | D:9      | Noticed ojifijod's ghost (novice FeSh)
 12206 | D:9      | Found a transporter.
 12210 | D:9      | Noticed a moth of wrath
 12320 | D:9      | Found an ornate altar of the Wu Jian Council.
 12927 | D:9      | Reached XP level 11. HP: 61/83 MP: 19/19
 13091 | D:9      | Noticed a two-headed ogre
 13091 | D:9      | Noticed Prince Ribbit
 13093 | D:9      | Noticed a two-headed ogre
 13178 | D:8      | Reached skill level 9 in Evocations
 13596 | D:9      | Killed a two-headed ogre
 13597 | D:9      | Reached skill level 5 in Conjurations
 13597 | D:9      | Reached skill level 5 in Hexes
 13597 | D:9      | Reached skill level 5 in Summonings
 13597 | D:9      | Reached skill level 5 in Necromancy
 13597 | D:9      | Reached skill level 5 in Translocations
 13597 | D:9      | Reached skill level 5 in Transmutations
 13597 | D:9      | Reached skill level 5 in Fire Magic
 13597 | D:9      | Reached skill level 5 in Ice Magic
 13597 | D:9      | Reached skill level 5 in Air Magic
 13597 | D:9      | Reached skill level 5 in Earth Magic
 13597 | D:9      | Reached skill level 5 in Poison Magic
 13597 | D:9      | Reached skill level 5 in Shapeshifting
 13603 | D:9      | Killed Prince Ribbit
 13613 | D:9      | Killed a two-headed ogre
 13917 | D:10     | Entered Level 10 of the Dungeon
 14029 | D:10     | Noticed Maggie
 14030 | D:10     | Noticed a two-headed ogre
 14042 | D:10     | Killed a two-headed ogre
 14043 | D:10     | Killed Maggie
 14126 | D:10     | Reached * piety under Hepliaklqana
 14259 | D:10     | Noticed a tengu warrior
 15642 | D:10     | Noticed a sixfirhy
 15644 | D:10     | HP: 3/75 [sixfirhy[a kobold demonologist] (9)]
 15644 | D:10     | Mangled by a sixfirhy

Illustrated notes

Levels and vault maps discovered:
D:1:      dpeg_arrival_solitude, layout_basic
D:2:      layout_loops_ring
D:3:      wad_pebble_path, layout_loops_ring, serial_shops, shop,
          hangedman_glass_teeth, grunt_decor_junction, uniq_jessica
D:4:      layout_basic, serial_forest, infiniplex_forest_end_double,
          infiniplex_forest_clump_small, infiniplex_forest_straight_2,
          infiniplex_forest_straight_4, infiniplex_forest_fountain,
          infiniplex_forest_straight_3, infiniplex_forest_corner_1,
          infiniplex_forest_clump_curved, infiniplex_forest_end_1,
          gammafunk_ghost_mausoleum
D:5:      layout_loops_ring, minmay_temple_entry_glass, minmay_misc_feat_iff,
          minivault_25
D:6:      layout_gridville, grunt_temple_overflow_open,
          nicolae_tso_besieged_by_evil
D:7:      layout_basic, gammafunk_ghost_icy
D:8:      nicolae_hitomezashi [nicolae_hito_row, nicolae_hito_row,
          nicolae_hito_row, nicolae_hito_row, nicolae_hito_row,
          nicolae_hito_row, nicolae_hito_row, nicolae_hito_row,
          nicolae_hito_row, nicolae_hito_row, nicolae_hito_row,
          nicolae_hito_row, nicolae_hito_row, nicolae_hito_row,
          nicolae_hito_row, nicolae_hito_row, nicolae_hito_row,
          nicolae_hito_row], layout_basic, gammafunk_temple_overflow_claw,
          uniq_joseph
D:9:      layout_basic, mainiacjoe_overflow_chevrons,
          gammafunk_ghost_berserking_beasts, chequers_big_river, uniq_erolcha,
          uniq_prince_ribbit1
D:10:     dreamdust_cave_troll, layout_basic, lair_entry_dummy, nicolae_sextant,
          uniq_maggie
Temple:   jpeg_temple_clearing

Skill      XL: |  1  2  3  4  5  6  7  8  9 10 11 |
---------------+----------------------------------+-----
Invocations    | 1 2 3 4 5 6 7 |  7.2
Short Blades   | 1 2 3 4 5 6 |  6.6
Long Blades    | 1 2 3 4 5 6 |  6.6
Axes           | 1 2 3 4 5 6 |  6.6
Maces & Flails | 1 2 3 4 5 6 |  6.6
Polearms       | 1 2 3 4 5 6 |  6.6
Staves         | 1 2 3 4 5 6 |  6.6
Ranged Weapons | 1 2 3 4 5 6 |  6.6
Throwing       | 1 2 3 4 5 6 |  6.6
Shields        | 1 2 3 4 5 6 |  6.6
Unarmed Combat | 1 2 3 4 5 6 |  6.6
Spellcasting   | 1 2 3 4 5 6 |  6.6
Conjurations   | 1 2 3 4 5 |  5.4
Hexes          | 1 2 3 4 5 |  5.4
Summonings     | 1 2 3 4 5 |  5.4
Necromancy     | 1 2 3 4 5 |  5.4
Translocations | 1 2 3 4 5 |  5.4
Transmutations | 1 2 3 4 5 |  5.4
Fire Magic     | 1 2 3 4 5 |  5.4
Ice Magic      | 1 2 3 4 5 |  5.4
Air Magic      | 1 2 3 4 5 |  5.4
Earth Magic    | 1 2 3 4 5 |  5.4
Poison Magic   | 1 2 3 4 5 |  5.4
Shapeshifting  | 1 2 3 4 5 |  5.4
Fighting       | 3 4 5 6 7 |  7.1
Dodging        | 3 4 5 6 7 |  7.1
Armour         | 5 6 7 8 |  8.1
Stealth        | 3 4 5 6 7 |  7.0
Evocations     | 7 8 9 |  9.4

Action                     |  1- 3 |  4- 6 |  7- 9 | 10-12 || total
---------------------------+-------+-------+-------+-------++-------
  Melee: Club              |   129 |    76 |   298 |       ||   503
         Bite              |    11 |     4 |    47 |    30 ||    92
         Punch             |     2 |       |     6 |     8 ||    16
         Dagger            |    60 |     7 |       |       ||    67
         Rapier            |       |       |   131 |   265 ||   396
 Invoke: Recall Ancestor   |       |       |       |     3 ||     3
  Evoke: Wand              |     1 |    13 |    20 |    21 ||    55
    Use: Scroll            |       |       |       |    15 ||    15
         Potion            |       |       |       |     1 ||     1
   Stab: Sleeping          |     8 |     1 |       |       ||     9
         Distracted        |       |       |       |     1 ||     1
 Armour: Leather armour    |    40 |     8 |       |       ||    48
         Chain mail        |       |    40 |   276 |   177 ||   493
  Dodge: Dodged            |   128 |    61 |   219 |   148 ||   556

Table legend: (Time is in decaauts)
 A = Elapsed time spent in this place.
 B = Non-inter-level travel time spent in this place.
 C = Inter-level travel time spent in this place.
 D = Time resting spent in this place.
 E = Time spent auto-exploring this place.
 F = Levels seen in this place.
 G = Mean time per level.
                   A        B        C        D        E       F      G
               +--------+--------+--------+--------+--------+-----+--------+
         Total |  15783 |  15096 |    687 |   3106 |   9337 |  11 | 1434.8 |
       Dungeon |  15769 |  15086 |    683 |   3106 |   9337 |  10 | 1576.9 |
        Temple |     14 |     10 |      4 |      0 |      0 |   1 |   14.0 |
               +--------+--------+--------+--------+--------+-----+--------+

Top non-repeatable levels by time:
     D:9: 3269 daAuts
     D:4: 2170 daAuts
     D:8: 2002 daAuts
     D:6: 1949 daAuts
     D:7: 1748 daAuts
     D:5: 1257 daAuts
     D:3: 1227 daAuts
     D:1: 941 daAuts
     D:2: 748 daAuts
    D:10: 452 daAuts
  Temple: 14 daAuts
